 Dungeon Crawl Stone Soup version 0.32-a0-128-g77eb882913 (webtiles) character file.

Game seed: 13328805694324204703

67005 Pooter the Severer (level 14, -11/129 HPs)
             Began as a Minotaur Berserker on Feb 7, 2024.
             Was a High Priest of Trog.
             Mangled by a sun demon (21 damage)
             ... on level 2 of the Orcish Mines.
             The game lasted 01:56:26 (25134 turns).

Pooter the Severer (Minotaur Berserker)            Turns: 25134, Time: 01:56:26

Health: -11/129    AC: 19    Str: 25    XL:     14   Next: 81%
Magic:  4/4        EV:  9    Int:  4    God:    Trog [*****.]
Gold:   1733       SH:  5    Dex: 12    Spells: 13/13 levels left

rFire   + . .        a - +1 flail (antimagic)
rCold   . . .        (no shield)
rNeg    . . .        X - +2 chain mail {rF+}
rPois   .            F - +2 hood of the Assassin {Detect Stab+ Stlth++}
rElec   .            w - scarf {repulsion}
rCorr   .            v - +0 pair of gloves
SInv    .            T - +0 pair of boots {Stlth+}
Will    ++++.        A - amulet of reflection
Stlth   +++++        f - +4 ring of protection
HPRegen 1.41/turn    O - ring of willpower
MPRegen 0.09/turn

%: repel missiles, reflection
@: strong-willed, regenerating
A: horns 2, retaliatory headbutt
a: Renounce Religion, Berserk, Trog's Hand, Brothers in Arms


You were on level 2 of the Orcish Mines.
You worshipped Trog.
Trog was extremely pleased with you.
You visited 3 branches of the dungeon, and saw 18 of its levels.

You collected 2003 gold pieces.
You spent 270 gold pieces at shops.

Inventory:

Hand Weapons
 a - a +1 antimagic flail (weapon)
   (You took it off Edmund on level 4 of the Dungeon)
 b - a +5 arbalest of flaming
   (You found it on level 4 of the Lair of Beasts)
 g - a +2 dire flail of freezing
   (You took it off a wight on level 9 of the Dungeon)
 p - a +1 battleaxe of electrocution
   (You took it off a wight on level 7 of the Dungeon)
 z - a +4 heavy executioner's axe
   (Trog gifted it to you on level 1 of the Orcish Mines)
 C - the +4 short sword of Plague {holy, rF+ Str+3 Dex-5 Stlth+}
   (You took it off a hobgoblin on level 4 of the Dungeon)

   Str+3:     It affects your strength (+3).
   Dex-5:     It affects your dexterity (-5).
   rF+:       It protects you from fire.
   Stlth+:    It makes you more stealthy.
 J - a +1 whip of flaming
   (You took it off Pikel on level 5 of the Dungeon)
 N - a +3 halberd of freezing
   (You took it off a wight on level 7 of the Dungeon)
 P - a +2 flail of protection
   (You took it off Terence on level 2 of the Dungeon)
 Y - a +2 antimagic arbalest
   (You found it on level 2 of the Orcish Mines)
 Z - a +6 heavy broad axe
   (Trog gifted it to you on level 2 of the Orcish Mines)
Missiles
 q - 14 poisoned darts
 r - 24 boomerangs (quivered)
 G - 3 javelins
 Q - 196 stones
 W - 4 throwing nets {!f}
Armour
 i - a +2 chain mail of cold resistance
   (You took it off an orc on level 1 of the Orcish Mines)
 v - a +0 pair of gloves (worn)
   (You found it on level 3 of the Dungeon)
 w - a scarf of repulsion (worn)
   (You found it on level 3 of the Dungeon)
 F - the +2 hood of the Assassin (worn) {Detect Stab+ Stlth++}
   (You acquired it on level 2 of the Dungeon)

   Detect:    It allows the wearer to sense nearby creatures.
   Stab+:     It allows the wearer to make particularly effective stabbing
   attacks against helpless or unaware enemies with any weapon.
   Stlth++:   It makes you much more stealthy.
 T - a +0 pair of boots of stealth (worn)
   (You found it on level 2 of the Lair of Beasts)
 X - a +2 chain mail of fire resistance (worn)
   (You took it off an orc warrior on level 1 of the Orcish Mines)
Jewellery
 f - a +4 ring of protection (left hand)
   (You found it on level 1 of the Dungeon)
 A - an amulet of reflection (around neck)
   (You found it on level 2 of the Lair of Beasts)
 B - a ring of ice
   (You found it on level 3 of the Lair of Beasts)
 O - a ring of willpower (right hand)
   (You took it off an orc on level 7 of the Dungeon)
Wands
 d - a wand of iceblast (24)
   (You took it off Ijyb on level 5 of the Dungeon)
 s - a wand of mindburst (7)
   (You found it on level 4 of the Lair of Beasts)
 x - a wand of acid (4)
   (You found it on level 10 of the Dungeon)
 R - a wand of charming (10)
   (You found it on level 8 of the Dungeon)
 S - a wand of polymorph (10)
   (You found it on level 2 of the Lair of Beasts)
Scrolls
 e - 3 scrolls of immolation {!r}
 h - 5 scrolls of revelation
 o - 2 scrolls of enchant armour
 t - 3 scrolls of teleportation {@r4}
 y - 3 scrolls of poison {!r}
 D - a scroll of vulnerability {!r}
 I - a scroll of summoning
 K - 3 scrolls of fear
 M - a scroll of fog
 V - a scroll of silence
Potions
 c - 3 potions of curing {@q1}
 j - a potion of invisibility {unknown}
 k - 4 potions of haste {@q3}
 l - 3 potions of heal wounds {@q2}
 m - 2 potions of might
 n - 3 potions of enlightenment
 u - 3 potions of lignification {!q}
 E - a potion of resistance
 H - a potion of cancellation
 L - a potion of mutation {!q}
 U - 3 potions of attraction {!q}


   Skills:
 + Level 13.2 Fighting
 * Level 18.0 Axes
 * Level 16.0 Ranged Weapons
 - Level 1.6 Throwing
 - Level 2.4 Armour
 - Level 2.1 Dodging
 + Level 9.6 Stealth
 + Level 6.1 Evocations


You had 13 spell levels left.
You didn't know any spells.
Your spell library was empty.

Dungeon Overview and Level Annotations

Branches:
Dungeon (11/15) Zot: 25419  Temple (0/1) D:4            Lair (5/5) D:10 Zot: 22402
 Shoals (0/4) Lair:3       Spider (0/4) Lair:3        Slime (0/5) Lair:5
    Orc (2/2) D:11 Zot: 5281     Elf (0/3) Orc:2

Altars:
Cheibriados
Gozag
Hepliaklqana
Kikubaaqudgha
Qazlal
Ru
Trog
Uskayaw
The Shining One
Jiyva

Shops:
D:7 *   Orc:2 **

Annotations:
D:7 2 transporters, Khashishi's ghost, amateur VSBr
Orc:2 3 runed translucent doors, Gangsterbeez's ghost, journeyman MiBe


Innate Abilities, Weirdness & Mutations

You have a pair of horns on your head.
You reflexively headbutt those who attack you in melee.


Message History

You hit the sun demon.
You headbutt the sun demon, but do no damage.
The sun demon closely misses you.
The orc warrior hits you with a +0 battleaxe.
You miss the sun demon. The sun demon barely misses you.
You furiously retaliate!
You headbutt the sun demon, but do no damage.
You hit the sun demon but do no damage.
You headbutt the sun demon, but do no damage.
You block the orc warrior's attack. The sun demon hits you!
You are engulfed in flames!
You resist.
You are too injured to fight recklessly!
You are too injured to fight recklessly!
You hit the sun demon. Your headbutt misses the sun demon.
You block the orc warrior's attack.
The sun demon hits you but does no damage.
You hit the sun demon but do no damage. You block the orc warrior's attack.
The sun demon hits you!
You are engulfed in flames.
You resist.
* * * LOW HITPOINT WARNING * * *
You hit the sun demon but do no damage.
You headbutt the sun demon, but do no damage.
The sun demon hits you.
* * * LOW HITPOINT WARNING * * *
You are engulfed in flames!
You resist.
* * * LOW HITPOINT WARNING * * *
The orc warrior barely misses you. You furiously retaliate!
You headbutt the orc warrior. You barely miss the sun demon.
The sun demon hits you!
* * * LOW HITPOINT WARNING * * *
You are engulfed in flames.
You resist.
* * * LOW HITPOINT WARNING * * *
You barely miss the sun demon. The orc warrior barely misses you.
The sun demon hits you but does no damage.
Unknown command.
You sock the sun demon!
You headbutt the sun demon, but do no damage.
The orc warrior barely misses you. The sun demon barely misses you.
Unknown command.
You hit the sun demon. You block the orc warrior's attack.
The sun demon hits you!
* * * LOW HITPOINT WARNING * * *
You are engulfed in flames!
You resist.
* * * LOW HITPOINT WARNING * * *
You barely miss the sun demon. You headbutt the sun demon.
The orc warrior hits you with a +0 battleaxe.
* * * LOW HITPOINT WARNING * * *
You block the sun demon's attack.
Unknown command.
You thump the sun demon! You headbutt the sun demon. The sun demon hits you!!
You die...

...## #∩.#.... ## {
....####...#.... #
......###....#. ## #......###....
{ #. ........###.)## { { { #.
.........###))## { { ##
..........###).## {{ { #
...........###)3## ### #
....).......###o@## ##.## ##
÷.)..........###).## ##...# ##.
...)........)####÷.## ##...## #..
...............###..###.....####.
.....).)........##...#.......##..
###..<))......)..)..........###..
..#...)))...)...÷..........##....
#.#.....).............).#.......#
..#................).)...#.##.###


You could see a sun demon and an orc warrior.

Vanquished Creatures
  9 hydras
  Erolcha (Orc:1)
  Harold (D:11)
  3 catoblepae (Lair:5)
  3 boulder beetles (D:11)
  4 two-headed ogres
  A deep troll shaman (Lair:5)
  5 death yaks (Lair:5)
  2 skysharks
  Pikel (D:5)
  5 orc knights
  2 orc sorcerers (Orc:2)
  3 kobold blastminers
  A merfolk siren (Lair:3)
  A cyclops (D:11)
  26 elephants
  2 black mambas
  10 cane toads
  A kobold demonologist (D:8)
  An unseen horror (D:6)
  4 rime drakes
  5 komodo dragons
  5 trolls
  2 polar bears
  A wolf spider simulacrum (Lair:2)
  15 blink frogs
  9 dream sheep
  41 yaks
  8 basilisks
  11 wyverns
  3 redbacks (Lair:3)
  8 wargs
  14 two-headed ogre zombies (Orc:1)
  Edmund (D:4)
  16 water moccasins
  A swamp drake (D:10)
  22 orc warriors
  3 black bears
  2 ice beasts
  A sky beast (D:7)
  8 ogres
  15 wolves
  4 centaurs
  3 phantoms (D:7)
  15 bullfrogs
  5 scorpions
  A cane toad simulacrum (Lair:2)
  9 wights
  A blink frog simulacrum (Lair:2)
  14 killer bees
  2 howler monkeys
  An electric eel (D:7)
  A crimson imp (D:4)
  3 hounds
  8 jellies
  A wyvern simulacrum (Lair:2)
  A bombardier beetle (D:4)
  3 gnoll boudas
  22 orc priests
  Ijyb (D:5)
  4 iguanas
  3 sleepcaps
  19 orc wizards
  Terence (D:2)
  An ogre zombie (Orc:1)
  A bullfrog simulacrum (Lair:2)
  A basilisk simulacrum (Lair:2)
  Robin (D:4)
  12 gnolls
  2 adders
  2 shadow imps (D:5)
  3 ufetubi
  A dart slug (D:3)
  2 ribbon worms
  76 orcs
  4 endoplasms
  10 giant cockroaches
  20 goblins
  3 hobgoblins
  4 jackals (D:3)
  5 quokkas
  8 ball pythons
  11 bats
  3 frilled lizards
  3 goblin skeletons (D:4)
  A goblin zombie (D:4)
  2 hobgoblin zombies (D:4)
  5 kobolds
  2 kobold skeletons (D:4)
  An orc skeleton (D:4)
  An orc zombie (D:4)
  8 rats
592 creatures vanquished.

Vanquished Creatures (collateral kills)
  2 yaks (Lair:1)
2 creatures vanquished.

Vanquished Creatures (others)
  A kobold blastminer (Orc:2)
  A cane toad (Lair:1)
  An orc (D:7)
3 creatures vanquished.

Grand Total: 597 creatures vanquished

Notes
Turn   | Place    | Note
-------+----------+-------------------------------------------
     0 | D:1      | Pooter the Minotaur Berserker began the quest for the Orb.
     0 | D:1      | Reached XP level 1. HP: 19/19 MP: 0/0
   180 | D:1      | Reached skill level 4 in Axes
   180 | D:1      | Reached XP level 2. HP: 19/27 MP: 1/1
   573 | D:2      | Reached skill level 1 in Throwing
   592 | D:2      | Noticed Terence
   602 | D:2      | Killed Terence
   603 | D:2      | Reached XP level 3. HP: 33/33 MP: 2/2
   703 | D:2      | Reached ** piety under Trog
  1005 | D:2      | Identified a scroll of acquirement
  1006 | D:2      | Acquired the +2 hood of the Assassin {Detect Stab+ Stlth++}
  1006 | D:2      | Found the +2 hood of the Assassin {Detect Stab+ Stlth++}
  1089 | D:2      | Reached XP level 4. HP: 40/40 MP: 3/3
  1194 | D:2      | Found a faded altar of an unknown god.
  1218 | D:2      | Reached skill level 5 in Axes
  2379 | D:4      | Reached skill level 1 in Ranged Weapons
  2379 | D:4      | Reached skill level 1 in Stealth
  2379 | D:4      | Reached XP level 5. HP: 47/47 MP: 4/4
  2426 | D:4      | Noticed Edmund
  2437 | D:4      | Killed Edmund
  2438 | D:4      | Reached XP level 6. HP: 55/55 MP: 1/5
  2667 | D:4      | Found a glowing golden altar of the Shining One.
  2669 | D:4      | Reached skill level 6 in Axes
  2700 | D:4      | Reached skill level 5 in Fighting
  2759 | D:4      | Identified the +4 short sword of Plague {holy, rF+ Str+3
                  | Dex-5 Stlth+}
  2946 | D:4      | Found a hide-covered altar of Uskayaw.
  3000 | D:4      | Reached *** piety under Trog
  3020 | D:4      | Noticed Robin
  3024 | D:4      | Killed Robin
  3040 | D:4      | Found a staircase to the Ecumenical Temple.
  3354 | D:4      | Found a bloodstained altar of Trog.
  3435 | D:5      | Entered Level 5 of the Dungeon
  3449 | D:4      | Reached XP level 7. HP: 61/61 MP: 6/6
  3601 | D:5      | Reached skill level 7 in Axes
  3624 | D:5      | Noticed Ijyb
  3632 | D:5      | Killed Ijyb
  3671 | D:5      | Noticed Pikel
  3691 | D:5      | Killed Pikel
  3692 | D:5      | Reached skill level 8 in Axes
  3692 | D:5      | Reached skill level 5 in Ranged Weapons
  3692 | D:5      | Reached XP level 8. HP: 52/70 MP: 7/7
  3922 | D:5      | Found a hazy altar of Hepliaklqana.
  4024 | D:5      | Found a snail-covered altar of Cheibriados.
  4529 | D:6      | Killed an unseen horror
  4530 | D:6      | Reached skill level 9 in Axes
  4761 | D:6      | Found an ancient bone altar of Kikubaaqudgha.
  4959 | D:6      | Reached XP level 9. HP: 78/78 MP: 8/8
  5291 | D:7      | Found a sacrificial altar of Ru.
  5635 | D:7      | Reached skill level 10 in Axes
  5843 | D:7      | Found Uckois's Assorted Antiques.
  5846 | D:7      | Bought a scroll of revelation for 150 gold pieces
  5846 | D:7      | Bought a scroll labelled WITOPEELUC for 20 gold pieces
  5846 | D:7      | Bought a scroll of identify for 40 gold pieces
  5846 | D:7      | Bought 3 scrolls labelled HUINUPPO CIYS for 60 gold pieces
  6062 | D:7      | Noticed Khashishi's ghost (amateur VSBr)
  6063 | D:7      | Noticed a moth of wrath
  6074 | D:7      | Found a transporter.
  6096 | D:7      | Found a transporter.
  6332 | D:8      | Noticed a kobold demonologist
  6346 | D:8      | Killed a kobold demonologist
  6469 | D:8      | Reached XP level 10. HP: 88/88 MP: 9/9
  6669 | D:8      | Reached skill level 11 in Axes
  6908 | D:9      | Reached skill level 5 in Stealth
  7731 | D:9      | Found a stormy altar of Qazlal.
  7989 | D:10     | Entered Level 10 of the Dungeon
  8528 | D:10     | Found an opulent altar of Gozag.
  8717 | D:10     | Reached skill level 12 in Axes
  8717 | D:10     | Reached skill level 10 in Ranged Weapons
  9159 | D:10     | Found a staircase to the Lair.
  9361 | Lair:1   | Entered Level 1 of the Lair of Beasts
  9391 | Lair:1   | Reached **** piety under Trog
  9408 | Lair:1   | Reached XP level 11. HP: 97/97 MP: 10/10
  9684 | Lair:1   | Reached skill level 13 in Axes
  9878 | Lair:1   | HP: 4/97 [cane toad (8)]
 10877 | Lair:2   | Found a transporter.
 10916 | Lair:2   | Noticed a skyshark
 10920 | Lair:2   | Noticed a four-headed hydra
 10942 | Lair:2   | Killed a four-headed hydra
 10943 | Lair:2   | Reached skill level 10 in Fighting
 11017 | Lair:2   | Found a transporter.
 11028 | Lair:2   | Noticed a four-headed hydra
 11040 | Lair:2   | Killed a four-headed hydra
 11041 | Lair:2   | Reached skill level 14 in Axes
 11306 | Lair:2   | Killed a skyshark
 11644 | Lair:2   | Noticed a seven-headed hydra
 11658 | Lair:2   | Reached XP level 12. HP: 87/106 MP: 11/11
 11661 | Lair:2   | Killed a seven-headed hydra
 12284 | Lair:3   | Reached skill level 1 in Evocations
 12517 | Lair:3   | Found a staircase to the Shoals.
 12577 | Lair:3   | Found a hole to the Spider Nest.
 12619 | Lair:3   | Reached skill level 15 in Axes
 13329 | Lair:4   | Noticed an eight-headed hydra
 13333 | Lair:4   | Killed an eight-headed hydra
 13573 | Lair:4   | Noticed a six-headed hydra
 13580 | Lair:4   | Reached XP level 13. HP: 116/116 MP: 12/12
 13848 | Lair:4   | Reached skill level 16 in Axes
 14340 | Lair:5   | Entered Level 5 of the Lair of Beasts
 15070 | Lair:5   | Found a viscous altar of Jiyva.
 15072 | Lair:5   | Found a staircase to the Slime Pits.
 15984 | Lair:5   | Reached XP level 14. HP: 127/127 MP: 13/13
 16007 | Lair:5   | Reached skill level 15 in Ranged Weapons
 16037 | Lair:5   | Reached skill level 17 in Axes
 16037 | Lair:5   | Reached skill level 5 in Evocations
 16981 | D:11     | Noticed Harold
 16983 | D:11     | Killed Harold
 17507 | D:11     | Found a staircase to the Orcish Mines.
 17512 | D:11     | Reached ***** piety under Trog
 18423 | Orc:1    | Entered Level 1 of the Orcish Mines
 18832 | Orc:1    | Received a gift from Trog
 19633 | Orc:1    | Noticed Erolcha
 19642 | Orc:1    | Killed Erolcha
 19824 | Orc:2    | Entered Level 2 of the Orcish Mines
 19826 | Orc:2    | Found a runed translucent gate.
 19826 | Orc:2    | Found a runed translucent gate.
 19860 | Orc:2    | Found a runed translucent gate.
 19861 | Orc:2    | Noticed a stone giant
 19865 | Orc:2    | Noticed Gangsterbeez's ghost (journeyman MiBe)
 21366 | Orc:2    | Found a staircase to the Elven Halls.
 23652 | Orc:2    | Received a gift from Trog
 23736 | Orc:2    | Reached skill level 18 in Axes
 25091 | Orc:2    | Found Tejaqaus's General Store.
 25093 | Orc:2    | Found Maodghaapp's General Store.
 25134 | Orc:2    | Mangled by a sun demon

Illustrated notes

Levels and vault maps discovered:
D:1:      dpeg_arrival_rooms_c, layout_rooms
D:2:      layout_loops_corners, shapermc_ecumenical_altar_mp_ritualfount,
          minmay_split_cup_large, uniq_terence
D:3:      minmay_roachtagon, layout_basic, ebering_dispersal_statue_hall
D:4:      layout_loops_corners, kennysheep_little_box,
          nicolae_uskayaw_dance_hall, nicolae_tso_besieged_by_evil,
          minmay_temple_entry_poolview, uniq_robin, uniq_edmund
D:5:      layout_rooms, lemuel_coloured_pillars_altar, cheibrodos_worm_habitat,
          uniq_ijyb, uniq_pikel
D:6:      layout_basic, mainiacjoe_overflow_chevrons
D:7:      layout_basic, overflow_temple_1_default,
          gammafunk_ghost_berserking_beasts, serial_shops, kennysheep_mini,
          serial_park_tiny_2, serial_bayou_pond_b
D:8:      layout_loops_ring, kennysheep_generic_room_9
D:9:      layout_small_grid, mainiacjoe_overflow_alcove_2
D:10:     layout_stronghold, grunt_gozag_breadcrumbs, erik_lair_dragon,
          minmay_misc_feat_four_crosses, evilmike_butchery
D:11:     layout_irregular_city, minmay_orc_entry_temple_small,
          nzn_sisyphean_effort, uniq_harold
Lair:1:   layout_cave_pods, st_stairs_8, hangedman_lair_unloving_vines
Lair:2:   gammafunk_cloud_chamber, layout_chaotic_city, lemuel_fruit_tree
Lair:3:   layout_loops_ring, minmay_shoals_entry_lonely_mermaid,
          spider_nest_entry_webs, st_stairs_6
Lair:4:   layout_cave_pods, grunt_megastairs_2
Lair:5:   grunt_lair_end_beastmaster, layout_hall_layers, slime_entry_2
Orc:1:    lemuel_ogre_cave, layout_diamond_mine
Orc:2:    pf_orc_diabolical, layout_caves, gammafunk_ghost_fury_of_okawaru,
          serial_shops, nicolae_shop_back_alley_shop, nooodl_orcs_dogs

Skill      XL: |  1  2  3  4  5  6  7  8  9 10 11 12 13 14 |
---------------+-------------------------------------------+-----
Axes           | 4 5 6 8 9 10 12 14 15 16 18 | 18.0
Throwing       | 1 |  1.6
Fighting       | 4 5 6 7 9 10 11 12 13 | 13.2
Ranged Weapons | 1 2 3 5 6 8 10 12 13 14 16 | 16.0
Stealth        | 1 2 3 4 5 7 8 9 |  9.6
Evocations     | 3 4 6 |  6.1
Armour         | |  2.4
Dodging        | |  2.1

Action                     |  1- 3 |  4- 6 |  7- 9 | 10-12 | 13-15 || total
---------------------------+-------+-------+-------+-------+-------++-------
  Melee: Hand axe          |    46 |       |       |       |       ||    46
         Headbutt          |     8 |    11 |    32 |    65 |    73 ||   189
         Punch             |     3 |     6 |     5 |       |       ||    14
         Flail             |    22 |   123 |    91 |       |    17 ||   253
         Battleaxe         |       |       |    62 |   237 |   243 ||   542
         Short sword       |       |       |    11 |       |       ||    11
         Dire flail        |       |       |       |    13 |     7 ||    20
         Executioner's axe |       |       |       |       |   100 ||   100
   Fire: Sling             |       |    53 |    77 |       |       ||   130
         Orcbow            |       |       |     8 |   164 |       ||   172
         Arbalest          |       |       |       |     9 |   363 ||   372
  Throw: Dart              |       |       |    18 |     1 |       ||    19
 Invoke: Berserk           |     1 |     2 |     8 |     6 |     5 ||    22
         Trog's Hand       |       |     2 |     6 |    16 |    14 ||    38
  Evoke: Wand              |       |       |     1 |     1 |       ||     2
    Use: Scroll            |     4 |       |     5 |    18 |     6 ||    33
         Potion            |       |       |       |     5 |     2 ||     7
   Stab: Distracted        |     1 |       |       |       |     1 ||     2
         Sleeping          |       |     1 |     2 |     8 |     2 ||    13
 Armour: Animal skin       |    17 |       |       |       |       ||    17
         Ring mail         |     6 |       |       |       |       ||     6
         Scale mail        |    13 |    99 |   152 |   352 |   241 ||   857
         Chain mail        |       |       |       |       |   152 ||   152
  Dodge: Dodged            |    47 |    85 |    78 |   164 |   174 ||   548
         Repelled          |       |     1 |     1 |       |     2 ||     4
  Block: Other             |       |       |       |    25 |    92 ||   117
         Reflection        |       |       |       |       |     6 ||     6

Table legend: (Time is in decaauts)
 A = Elapsed time spent in this place.
 B = Non-inter-level travel time spent in this place.
 C = Inter-level travel time spent in this place.
 D = Time resting spent in this place.
 E = Time spent auto-exploring this place.
 F = Levels seen in this place.
 G = Mean time per level.
                   A        B        C        D        E       F      G
               +--------+--------+--------+--------+--------+-----+--------+
         Total |  25539 |  24813 |    726 |  10003 |   9962 |  18 | 1418.8 |
       Dungeon |  11224 |  10866 |    358 |   2740 |   5959 |  11 | 1020.4 |
          Lair |   7597 |   7291 |    306 |   2358 |   3350 |   5 | 1519.4 |
  Orcish Mines |   6717 |   6656 |     61 |   4904 |    652 |   2 | 3358.5 |
               +--------+--------+--------+--------+--------+-----+--------+

Top non-repeatable levels by time:
   Orc:2: 5160 daAuts
  Lair:5: 2452 daAuts
    D:11: 1580 daAuts
   Orc:1: 1556 daAuts
  Lair:2: 1520 daAuts
    D:10: 1450 daAuts
  Lair:1: 1396 daAuts
     D:6: 1293 daAuts
  Lair:4: 1279 daAuts
     D:4: 1163 daAuts
     D:9: 1117 daAuts
     D:3: 990 daAuts
  Lair:3: 948 daAuts
     D:7: 868 daAuts
     D:2: 848 daAuts
